 Dungeon Crawl Stone Soup version 0.25.1-1-g288607f5aa (webtiles) character file.

Game seed: 447454792565573091

44 DerDa the Grave Robber (level 3, -1/24 HPs)
             Began as a Mummy Necromancer on July 26, 2020.
             Slain by a centaur (4 damage)
             ... on level 2 of the Dungeon.
             The game lasted 00:03:11 (1662 turns).

DerDa the Grave Robber (Mummy Necromancer)          Turns: 1662, Time: 00:03:11

Health: -1/24      AC:  3    Str: 11    XL:     3   Next: 41%
Magic:  9/17       EV: 12    Int: 15    God:
Gold:   54         SH:  0    Dex: 12    Spells: 4/9 levels left

rFire    x . .     SeeInvis .   b - +0 club
rCold    + . .     Gourm    .   (no shield)
rNeg     + + +     Faith    .   a - +0 robe
rPois    ∞         Spirit   .   (no helmet)
rElec    .         Reflect  .   (no cloak)
rCorr    .         Harm     .   h - +0 pair of gloves
MR       .....                  (no boots)
Stlth    ++........             (no amulet)
HPRegen  0.08/turn              e - ring of magical power
MPRegen  0.15/turn              (no ring)

@: no status effects
A: no food or potions, fire vulnerability, cold resistance 1, negative energy
resistance 3, torment resistance, unbreathing
a: no special abilities


You were on level 2 of the Dungeon.
You were not hungry.

You visited 1 branch of the dungeon, and saw 2 of its levels.

You collected 54 gold pieces.

Inventory:

Hand Weapons
 b - a +0 club (weapon)
Missiles
 f - 90 stones
 g - 8 poisoned darts (quivered)
Armour
 a - a +0 robe (worn)
 h - a +0 pair of gloves (worn)
Jewellery
 e - a ring of magical power (left hand)
 i - a +6 ring of intelligence {unknown}
Scrolls
 c - 3 scrolls of remove curse {unknown}
 d - a scroll of immolation {unknown}


   Skills:
 - Level 1.5 Dodging
 - Level 1.5 Stealth
 * Level 3.9 Spellcasting
 * Level 4.6 Necromancy


You had 4 spell levels left.
You knew the following spells:

 Your Spells              Type           Power        Failure   Level  Hunger
a - Pain                  Necr           ###.         2%          1    N/A
b - Animate Skeleton      Necr           N/A          2%          1    N/A
c - Vampiric Draining     Necr           ###.......   9%          3    N/A

Your spell library contained the following spells:

 Spells                   Type           Power        Failure   Level  Hunger
 Animate Dead             Necr           N/A          26%         4    N/A
 Agony                    Necr           ###.....     58%         5    N/A

Dungeon Overview and Level Annotations

Branches:
Dungeon (2/15)

Altars:

Annotations:
D:2 Sigmund


Innate Abilities, Weirdness & Mutations

You do not eat or drink.
Your flesh is vulnerable to fire.
You are immune to poison.
Your flesh is cold resistant. (rC+)
You are immune to negative energy. (rN+++)
You are immune to unholy pain and torment.
You can survive without breathing.


Message History

Aim: a centaur, quivering 19 arrows (almost dead, chance to defeat MR: 75%)
The centaur struggles to resist.
The centaur hits you but does no damage. x2
Casting: Pain (safe; 2% risk of failure)
Confirm with . or Enter, or press ? or * to list all spells.
Aiming: Pain (safe; 2% risk of failure)
Press: ? - help, Shift-Dir - straight line, f/p - centaur
Aim: a centaur, quivering 19 arrows (almost dead, chance to defeat MR: 75%)
The centaur writhes in agony.
Something hits you but does no damage. The centaur misses you.
Casting: Pain (safe; 2% risk of failure)
Confirm with . or Enter, or press ? or * to list all spells.
Aiming: Pain (safe; 2% risk of failure)
Press: ? - help, Shift-Dir - straight line, f/p - centaur
Aim: a centaur, quivering 19 arrows (almost dead, chance to defeat MR: 75%)
The centaur struggles to resist.
The centaur closely misses you. Something hits you!
* * * LOW HITPOINT WARNING * * *
The centaur hits you.
You die...

.... #..... ......
#.....### .......####
###........#
.........#.#
###.....#.#
##...##@######.#
#######
##.###.c{.....(
....... #.# ########.#
####### #.#
#.#########
#.##########.....<..†.
#..........###########
##########)# #######
#.# #...... #.#
#.#####


You could see a centaur.

Vanquished Creatures
  An adder (D:2)
  A worm (D:2)
  A dart slug (D:1)
  A leopard gecko (D:2)
  2 giant cockroaches (D:1)
  7 hobgoblins
  2 jackals (D:1)
  5 bats (D:1)
  A frilled lizard (D:1)
  A goblin (D:1)
  5 kobolds
  2 rats
29 creatures vanquished.

Notes
Turn   | Place    | Note
-------+----------+-------------------------------------------
     0 | D:1      | DerDa the Mummy Necromancer began the quest for the Orb.
     0 | D:1      | Reached XP level 1. HP: 13/13 MP: 4/4
   187 | D:1      | Reached XP level 2. HP: 19/19 MP: 0/6
   202 | D:1      | Learned a level 1 spell: Animate Skeleton
  1309 | D:2      | Reached XP level 3. HP: 11/24 MP: 8/8
  1314 | D:2      | Learned a level 3 spell: Vampiric Draining
  1646 | D:2      | Noticed a centaur
  1654 | D:2      | Noticed Sigmund
  1662 | D:2      | Slain by a centaur

Illustrated notes

Levels and vault maps discovered:
D:1:      dpeg_arrival_shrine, layout_loops_ring
D:2:      layout_loops_ring, first_ration, uniq_robin, uniq_sigmund

Skill      XL: |  1 |
---------------+----+-----
Spellcasting   | 3 |  3.9
Dodging        | |  1.5
Stealth        | |  1.5
Necromancy     | |  4.6

Action                   || total
-------------------------++-------
Melee: Club              ||    14
Throw: Dart              ||     1
 Cast: Pain              ||    80
       Animate Skeleton  ||     2
Armor: Robe              ||    11
Dodge: Dodged            ||    33
